 Dungeon Crawl Stone Soup version 0.25-a0-942-g87a53962fc (webtiles) character file.

Game seed: 5460584232291036967, levelgen mode: deterministic

298 kae the Chiller (level 6, -5/41 HPs)
             Began as a Merfolk Ice Elementalist on May 7, 2020.
             Slain by a centaur skeleton (7 damage)
             ... on level 4 of the Dungeon.
             The game lasted 00:03:13 (4160 turns).

kae the Chiller (Merfolk Ice Elementalist)          Turns: 4160, Time: 00:03:14

Health: -5/41      AC:  3    Str: 11    XL:     6   Next: 36%
Magic:  8/11       EV: 13    Int: 14    God:
Gold:   180        SH:  0    Dex: 14    Spells: 4/11 levels left

rFire    . . .     SeeInvis .   p - +1 spear
rCold    . . .     Gourm    .   (no shield)
rNeg     . . .     Faith    .   q - +0 animal skin
rPois    .         Spirit   .   r - +0 helmet
rElec    .         Reflect  .   (no cloak)
rCorr    .         Harm     .   (no gloves)
MR       .....                  (no boots)
Stlth    ++........             (no amulet)
HPRegen  0.13/turn              (no ring)
MPRegen  0.12/turn              (no ring)

@: no status effects
A: change form in water, swift swim, stealthy swim
a: no special abilities


You were on level 4 of the Dungeon.
You were not hungry.

You visited 1 branch of the dungeon, and saw 4 of its levels.

You collected 180 gold pieces.

Inventory:

Hand Weapons
 m - a +0 hand axe
 p - a +1 spear (weapon)
Armour
 a - a +0 robe
 h - a +0 hat
 q - a +0 animal skin (worn)
 r - a +0 helmet (worn)
Jewellery
 j - an uncursed amulet of rage
 u - an uncursed ring of protection from fire {unknown}
Wands
 l - a wand of acid (7)
 n - a wand of polymorph (12)
Scrolls
 g - 4 scrolls of teleportation
 i - 2 scrolls of remove curse
Potions
 d - 3 potions of curing
 f - a potion of might
 k - a potion of flight
 o - a potion of resistance {unknown}
 s - a potion of heal wounds {unknown}
 t - a potion of degeneration {unknown}
Comestibles
 c - 9 rations


   Skills:
 * Level 3.6 Polearms
 - Level 2.6 Dodging
 - Level 2.1 Stealth
 + Level 3.4 Spellcasting
 * Level 6.7 Ice Magic


You had 4 spell levels left.
You knew the following spells:

 Your Spells              Type           Power        Failure   Level  Hunger
a - Freeze                Ice            ###.         1%          1    #......
b - Frozen Ramparts       Ice            ###...       3%          3    ###....
c - Ozocubu's Armour      Chrm/Ice       ##......     16%         3    ###....

Your spell library contained the following spells:

 Spells                   Type           Power        Failure   Level  Hunger
 Hailstorm                Conj/Ice       ##......     45%         4    #####..
 Summon Ice Beast         Ice/Summ       ##......     45%         4    #####..


Dungeon Overview and Level Annotations

Branches:
Dungeon (4/15)
 Temple: D:4-7

Altars:
Makhleb
Nemelex Xobeh
Trog

Annotations:
D:3 exclusions: orc priest and sky beast
D:4 ra1n577's ghost, novice MfBe


Message History

Beogh smites you!
* * * LOW HITPOINT WARNING * * *
Okay, then.
As you read the scroll of fear, it crumbles to dust.
You assume a fearsome visage.
The orc looks frightened!
The orc wizard looks frightened!
The orc priest looks frightened!
The ogre looks frightened!
The giant cockroach looks frightened!
The centaur skeleton is unaffected.
The adder looks frightened!
The centaur skeleton misses you.
The orc wizard casts a spell.
The orc wizard blinks!
The centaur skeleton closely misses you.
The orc wizard casts a spell.
The orc wizard blinks!
The centaur skeleton hits you.
* * * LOW HITPOINT WARNING * * *
The orc wizard mumbles some strange words.
The orc wizard blinks!
There is an escape hatch in the ceiling, spattered with blood here.
The centaur skeleton barely misses you. The centaur skeleton hits you!
You die...

....... #..
..............####..
##.............#.....
....... ............
....(# #..#....##< #w
#O...### ####...#.. #..
#......###.##..##.. .#...
#...............##.
.....###@.......###......
.....w..Z......## #......
...............##.....##.
.S.....................##
#..$...........####....#
...o§o).........# #.....
.)#...........(.## ...##.
..%....$.........#
..........†...##..#


You could see an ogre (fleeing), a worm, an orc priest (fleeing), an adder
(fleeing), an orc (fleeing) and a centaur skeleton.

Vanquished Creatures
  3 howler monkeys (D:4)
  A hound (D:3)
  An iguana (D:1)
  Robin (D:2)
  5 adders
  An ooze (D:4)
  A worm (D:3)
  A dart slug (D:3)
  A leopard gecko (D:3)
  3 orcs
  3 giant cockroaches
  13 goblins
  7 hobgoblins
  4 jackals (D:2)
  A ball python (D:1)
  4 bats
  4 frilled lizards
  4 kobolds
  5 rats
63 creatures vanquished.

Notes
Turn   | Place    | Note
-------+----------+-------------------------------------------
     0 | D:1      | kae the Merfolk Ice Elementalist began the quest for the
                  | Orb.
     0 | D:1      | Reached XP level 1. HP: 13/13 MP: 3/3
   421 | D:1      | Reached XP level 2. HP: 15/19 MP: 0/5
  1330 | D:2      | Reached skill level 5 in Ice Magic
  1330 | D:2      | Reached XP level 3. HP: 24/24 MP: 2/6
  1547 | D:2      | Noticed Robin
  1914 | D:2      | Reached XP level 4. HP: 19/30 MP: 1/8
  2126 | D:2      | Found a faded altar of an unknown god.
  2135 | D:2      | Found a bloodstained altar of Trog.
  2313 | D:2      | Found a sparkling altar of Nemelex Xobeh.
  2372 | D:2      | Killed Robin
  2806 | D:2      | Learned a level 3 spell: Frozen Ramparts
  2810 | D:2      | Learned a level 3 spell: Ozocubu's Armour
  2854 | D:3      | Reached skill level 6 in Ice Magic
  3049 | D:3      | Noticed a sky beast
  3079 | D:3      | Found a burning altar of Makhleb.
  3085 | D:3      | Reached skill level 1 in Polearms
  3085 | D:3      | Reached XP level 5. HP: 26/35 MP: 5/9
  4111 | D:4      | Noticed ra1n577's ghost (novice MfBe)
  4120 | D:4      | Reached XP level 6. HP: 41/41 MP: 4/11
  4158 | D:4      | HP: 2/41 [centaur skeleton (3)]
  4160 | D:4      | Slain by a centaur skeleton

Levels and vault maps discovered:
D:1:      dpeg_arrival_signposts, layout_basic, minmay_3d_cube
D:2:      layout_basic, nicolae_overflow_crystal_walls, old_standard_altar,
          chequers_ecumenical_altar_twisty, uniq_robin
D:3:      layout_basic, makhleb_heckhound_becter
D:4:      layout_cave_pools, kennysheep_mini_moat,
          nicolae_overflow_hidden_temple, hellmonk_ghost_happy_afterlife,
          first_ration

Skill      XL: |  1  2  3  4  5 |
---------------+----------------+-----
Ice Magic      | 5 6 |  6.7
Spellcasting   | 3 |  3.4
Polearms       | 1 3 |  3.6
Dodging        | |  2.6
Stealth        | |  2.1

Action                   |  1- 3 |  4- 6 || total
-------------------------+-------+-------++-------
Melee: Unarmed           |     7 |       ||     7
       Hand axe          |       |    21 ||    21
       Spear             |       |    46 ||    46
 Cast: Freeze            |    36 |    52 ||    88
  Use: Scroll            |       |    10 ||    10
 Stab: Sleeping          |       |     1 ||     1
  Eat: Ration            |     1 |       ||     1
       Chunk             |       |     7 ||     7
Armor: Robe              |     5 |     4 ||     9
       Animal skin       |       |     8 ||     8
Dodge: Dodged            |    25 |    60 ||    85

Table legend:
 A = Non-vault XP
 B = Vault XP
 C = Vault XP percentage of total XP
 D = Non-vault monster count
 E = Vault monster count
 F = Vault count percentage of total count
                 A         B        C        D         E       F
            +---------+---------+-------+---------+---------+-------
      Total |     345 |      82 |  19.2 |      48 |      15 |  23.8
            +---------+---------+-------+---------+---------+-------
        D:1 |      51 |       7 |  12.1 |      11 |       4 |  26.7
        D:2 |      61 |      30 |  33.0 |      14 |      10 |  41.7
        D:3 |      57 |      45 |  44.1 |      16 |       1 |   5.9
        D:4 |     176 |       0 |   0.0 |       7 |       0 |   0.0
            +---------+---------+-------+---------+---------+-------
